EVO
UNIVERSITY OF NORTH CAROLINA AT CHAPEL HILL TAR HEELS @ UNIVERSITY OF ARIZONA WILDCATS
12/24/2048
 
TOP OF THE 1ST
University of North Carolina at Chapel Hill Tar Heels batting - Pitching for University of Arizona Wildcats : RHP Jairo Picano
Pitching: RHP Jairo Picano
Batting: RHB Bill Atley 0-0: Called Strike
0-1: Fly out, F9 (Flyball, 9LM, EV 90.6 MPH)
Batting: SHB Ryan Marsh 0-0: Foul Ball, location: 2F
0-1: Ball
1-1: Ground out 4-3 (Groundball, 4, EV 108.1 MPH)
Batting: RHB Michael Houseman 0-0: DOUBLE (Line Drive, 7LD, EV 105.6 MPH)
Batting: RHB Jeremy Rollins 0-0: Ground out 5-3 (Groundball, 5, EV 91.2 MPH)
Top of the 1st over - 0 runs, 1 hit, 0 errors, 1 left on base; University of North Carolina at Chapel Hill 0 - University of Arizona 0
BOTTOM OF THE 1ST
University of Arizona Wildcats batting - Pitching for University of North Carolina at Chapel Hill Tar Heels : RHP Steven Kennett
Pitching: RHP Steven Kennett
Batting: RHB Vince Parris 0-0: Ground out 6-3 (Groundball, 56, EV 103.8 MPH)
Batting: RHB Ron Dondale 0-0: Called Strike
0-1: Called Strike
0-2: Ball
1-2: SINGLE (Line Drive, 7S, EV 105.6 MPH)
Batting: LHB Pascal Noël 0-0: Foul Ball, location: 2F
0-1: Fielders Choice at 2nd, 6-4 (Groundball, 6, EV 105.0 MPH)
Batting: LHB Mark Harris 0-0: Called Strike
0-1: Swinging Strike
0-2: Ball
1-2: Foul Ball, location: 2F
1-2: Ball
2-2: Foul Ball, location: 2F
2-2: Strikes out swinging
Bottom of the 1st over - 0 runs, 1 hit, 0 errors, 1 left on base; University of North Carolina at Chapel Hill 0 - University of Arizona 0
TOP OF THE 2ND
University of North Carolina at Chapel Hill Tar Heels batting - Pitching for University of Arizona Wildcats : RHP Jairo Picano
Batting: SHB Jonathan Barrie 0-0: Called Strike
0-1: Ball
1-1: Fly out, F8 (Line Drive, 8LM, EV 111.2 MPH)
Batting: SHB Jim Saxon 0-0: Called Strike
0-1: Ball
1-1: Foul Ball, location: 2F
1-2: Ball
2-2: Foul Ball, location: 2F
2-2: Ball
3-2: Base on Balls
Batting: RHB Tony Jennings 0-0: Called Strike
0-1: Called Strike
0-2: Ball
1-2: Foul Ball, location: 2F
1-2: Ball
2-2: Strikes out looking
Batting: RHB Brandon Wilson 0-0: Called Strike
0-1: Fly out, F7 (Flyball, 7LS, EV 82.5 MPH)
Top of the 2nd over - 0 runs, 0 hits, 0 errors, 1 left on base; University of North Carolina at Chapel Hill 0 - University of Arizona 0
BOTTOM OF THE 2ND
University of Arizona Wildcats batting - Pitching for University of North Carolina at Chapel Hill Tar Heels : RHP Steven Kennett
Batting: LHB Lihau Keawe 0-0: SINGLE (Groundball, 6D, EV 98.8 MPH)
Batting: RHB Eddy Amaya 0-0: Ball
1-0: Called Strike
1-1: Ball
2-1: Foul Ball, location: 2F
2-2: Foul Ball, location: 2F
2-2: Foul Ball, location: 2F
2-2: Ball
3-2: Base on Balls
Lihau Keawe to second
Batting: SHB George Grace 0-0: Called Strike
0-1: Ball
1-1: Foul Ball, location: 2F
1-2: Ball
2-2: Foul Ball, location: 2F
2-2: Fly out, F9 (Flyball, 9, EV 96.9 MPH)
Batting: RHB Tatsuro Hamasaki 0-0: Ball
1-0: Called Strike
1-1: Ball
2-1: Ball
3-1: Base on Balls
Lihau Keawe to third
Eddy Amaya to second
Batting: RHB Gustavo Rodriguez 0-0: Called Strike
0-1: Called Strike
0-2: Fly out, F7 (Flyball, 7, EV 81.9 MPH)
Runner from 3rd tags up, SCORES, throw by LF
Batting: RHB Vince Parris 0-0: Swinging Strike
0-1: Ball
1-1: Fly out, F8 (Flyball, 8RM, EV 91.9 MPH)
Bottom of the 2nd over - 1 run, 1 hit, 0 errors, 2 left on base; University of North Carolina at Chapel Hill 0 - University of Arizona 1
TOP OF THE 3RD
University of North Carolina at Chapel Hill Tar Heels batting - Pitching for University of Arizona Wildcats : RHP Jairo Picano
Batting: LHB Juan Alvarado 0-0: Called Strike
0-1: Ball
1-1: Foul Ball, location: 2F
1-2: Fly out, F7 (Flyball, 78M, EV 93.1 MPH)
Batting: RHB Bill Atley 0-0: Called Strike
0-1: Called Strike
0-2: Strikes out looking
Batting: SHB Ryan Marsh 0-0: Ball
1-0: Ball
2-0: Ball
3-0: Called Strike
3-1: Base on Balls
Batting: RHB Michael Houseman 0-0: Called Strike
0-1: Foul Ball, location: 2F
0-2: Strikes out looking
Top of the 3rd over - 0 runs, 0 hits, 0 errors, 1 left on base; University of North Carolina at Chapel Hill 0 - University of Arizona 1
BOTTOM OF THE 3RD
University of Arizona Wildcats batting - Pitching for University of North Carolina at Chapel Hill Tar Heels : RHP Steven Kennett
Batting: RHB Ron Dondale 0-0: Ball
1-0: Ball
2-0: Called Strike
2-1: Ground out 6-3 (Groundball, 6, EV 81.9 MPH)
Batting: LHB Pascal Noël 0-0: Ball
1-0: SINGLE (Line Drive, 7LS, EV 108.1 MPH)
Batting: LHB Mark Harris 0-0: Ball
1-0: Called Strike
1-1: Ball
2-1: Called Strike
2-2: Ball
3-2: Foul Ball, location: 2F
3-2: Foul Ball, location: 2F
3-2: Foul Ball, location: 2F
3-2: Fly out, F9 (Flyball, 9, EV 88.8 MPH)
Batting: LHB Lihau Keawe 0-0: Foul Ball, location: 2F
0-1: Called Strike
0-2: Ball
1-2: Ball
2-2: Strikes out swinging
Bottom of the 3rd over - 0 runs, 1 hit, 0 errors, 1 left on base; University of North Carolina at Chapel Hill 0 - University of Arizona 1
TOP OF THE 4TH
University of North Carolina at Chapel Hill Tar Heels batting - Pitching for University of Arizona Wildcats : RHP Jairo Picano
Batting: RHB Jeremy Rollins 0-0: Foul Ball, location: 2F
0-1: Called Strike
0-2: SOLO HOME RUN (Flyball, 9D, EV 94.4 MPH), Distance : 372 ft
Batting: SHB Jonathan Barrie 0-0: Foul Ball, location: 2F
0-1: Foul Ball, location: 2F
0-2: Strikes out swinging
Batting: SHB Jim Saxon 0-0: Ball
1-0: Ball
2-0: Foul Ball, location: 2F
2-1: Ball
3-1: Ground out 4-3 (Groundball, 4, EV 103.1 MPH)
Batting: RHB Tony Jennings 0-0: Fly out, F9 (Flyball, 9, EV 95.0 MPH)
Top of the 4th over - 1 run, 1 hit, 0 errors, 0 left on base; University of North Carolina at Chapel Hill 1 - University of Arizona 1
BOTTOM OF THE 4TH
University of Arizona Wildcats batting - Pitching for University of North Carolina at Chapel Hill Tar Heels : RHP Steven Kennett
Batting: RHB Eddy Amaya 0-0: Called Strike
0-1: Ball
1-1: Ball
2-1: Called Strike
2-2: Ball
3-2: SINGLE (Groundball, 34, EV 98.1 MPH)
Batting: SHB George Grace 0-0: Ball
1-0: Ball
2-0: Called Strike
2-1: DOUBLE (Line Drive, 8LXD, EV 110.0 MPH)
Eddy Amaya to third
Runner from 3rd tries for Home, SAFE, throw by CF to home
Batting: RHB Tatsuro Hamasaki 0-0: Ball
1-0: Ground out 5-3 (Groundball, 5, EV 83.8 MPH)
Batting: RHB Gustavo Rodriguez 0-0: Ball
1-0: Called Strike
1-1: TRIPLE (Flyball, 89XD, EV 93.8 MPH)
George Grace scores
Batting: RHB Vince Parris 0-0: Swinging Strike
0-1: Ball
1-1: Fly out, F7 (Line Drive, 7S, EV 95.6 MPH)
Batting: RHB Ron Dondale 0-0: Called Strike
0-1: Swinging Strike
0-2: Foul Ball, location: 2F
0-2: Ball
1-2: Ball
2-2: Fly out, F8 (Flyball, 8RD, EV 104.4 MPH)
Bottom of the 4th over - 2 runs, 3 hits, 0 errors, 1 left on base; University of North Carolina at Chapel Hill 1 - University of Arizona 3
TOP OF THE 5TH
University of North Carolina at Chapel Hill Tar Heels batting - Pitching for University of Arizona Wildcats : RHP Jairo Picano
Batting: RHB Brandon Wilson 0-0: SINGLE (Groundball, 56D, EV 98.8 MPH)
Batting: LHB Juan Alvarado 0-0: Sac Bunt to 15S - play at first, batter OUT! 1-3
Brandon Wilson to second
Batting: RHB Bill Atley 0-0: Ball
1-0: Ball
2-0: SINGLE (Groundball, 56S, EV 68.8 MPH) (infield hit)
Brandon Wilson to third
Batting: SHB Ryan Marsh 0-0: Called Strike
0-1: Ball
1-1: Ball
2-1: Ball
Bill Atley is caught stealing 2nd base 2-6
3-1: Called Strike
3-2: Base on Balls
Batting: RHB Michael Houseman 0-0: Swinging Strike
0-1: Ball
1-1: Ball
2-1: Swinging Strike
2-2: Foul Ball, location: 2F
2-2: Strikes out looking
Top of the 5th over - 0 runs, 2 hits, 0 errors, 2 left on base; University of North Carolina at Chapel Hill 1 - University of Arizona 3
BOTTOM OF THE 5TH
University of Arizona Wildcats batting - Pitching for University of North Carolina at Chapel Hill Tar Heels : RHP Steven Kennett
Batting: LHB Pascal Noël 0-0: Called Strike
0-1: Fly out, F9 (Line Drive, 89S, EV 91.2 MPH)
Pitching: RHP Bobby Franco
Batting: LHB Mark Harris 0-0: Ball
1-0: Ball
2-0: Called Strike
2-1: Fly out, F8 (Flyball, 8LD, EV 85.0 MPH)
Batting: LHB Lihau Keawe 0-0: Ball
1-0: Ball
2-0: Ball
3-0: Called Strike
3-1: Called Strike
3-2: Base on Balls
Batting: RHB Eddy Amaya 0-0: Ball
1-0: Ball
2-0: Ball
3-0: Foul Ball, location: 2F
3-1: Foul Ball, location: 2F
3-2: Strikes out swinging
Bottom of the 5th over - 0 runs, 0 hits, 0 errors, 1 left on base; University of North Carolina at Chapel Hill 1 - University of Arizona 3
TOP OF THE 6TH
University of North Carolina at Chapel Hill Tar Heels batting - Pitching for University of Arizona Wildcats : RHP Jairo Picano
Pitching: LHP Armando Guzman
Batting: RHB Jeremy Rollins 0-0: Foul Ball, location: 2F
0-1: Foul Ball, location: 2F
0-2: Foul Ball, location: 2F
0-2: Ball
1-2: Strikes out swinging
Batting: SHB Jonathan Barrie 0-0: Ball
1-0: Fly out, F8 (Flyball, 8LM, EV 86.9 MPH)
Batting: SHB Jim Saxon 0-0: Called Strike
0-1: Ball
1-1: Foul Ball, location: 2F
1-2: Strikes out swinging
Top of the 6th over - 0 runs, 0 hits, 0 errors, 0 left on base; University of North Carolina at Chapel Hill 1 - University of Arizona 3
BOTTOM OF THE 6TH
University of Arizona Wildcats batting - Pitching for University of North Carolina at Chapel Hill Tar Heels : RHP Bobby Franco
Batting: SHB George Grace 0-0: Ball
1-0: Called Strike
1-1: Ball
2-1: Called Strike
2-2: Ball
3-2: Fly out, F8 (Flyball, 8RD, EV 105.6 MPH)
Pinch Hitting: SHB Jamal Jeter 0-0: Ball
1-0: SINGLE (Groundball, 4MD, EV 102.5 MPH)
Batting: RHB Gustavo Rodriguez 0-0: Ball
1-0: Called Strike
1-1: Fly out, F7 (Flyball, 78S, EV 88.8 MPH)
Batting: RHB Vince Parris 0-0: TRIPLE (Flyball, 78XD, EV 102.5 MPH)
Jamal Jeter scores
Batting: RHB Ron Dondale 0-0: Ball
1-0: Fly out, F7 (Flyball, 7LSF, EV 92.5 MPH)
Bottom of the 6th over - 1 run, 2 hits, 0 errors, 1 left on base; University of North Carolina at Chapel Hill 1 - University of Arizona 4
TOP OF THE 7TH
University of North Carolina at Chapel Hill Tar Heels batting - Pitching for University of Arizona Wildcats : LHP Armando Guzman
Pitching: RHP Rogelio Chavez
Now in CF: Jere Paatelainen
Batting: RHB Tony Jennings 0-0: Ball
1-0: Ball
2-0: Ball
3-0: Base on Balls
Batting: RHB Brandon Wilson 0-0: Ball
1-0: Ball
2-0: Called Strike
2-1: Grounds into double play, 6-4-3 (Groundball, 6, EV 82.5 MPH)
Batting: LHB Juan Alvarado 0-0: Ball
1-0: Ground out 3-1 (Groundball, 34, EV 103.1 MPH)
Top of the 7th over - 0 runs, 0 hits, 0 errors, 0 left on base; University of North Carolina at Chapel Hill 1 - University of Arizona 4
BOTTOM OF THE 7TH
University of Arizona Wildcats batting - Pitching for University of North Carolina at Chapel Hill Tar Heels : RHP Bobby Franco
Batting: LHB Pascal Noël 0-0: Ball
1-0: Foul Ball, location: 2F
1-1: Ball
2-1: Foul Ball, location: 2F
2-2: Ball
3-2: Base on Balls
Pitching: RHP Berry Dow
Batting: LHB Mark Harris 0-0: Fielders Choice at 2nd, 4-6 (Groundball, 4, EV 81.2 MPH)
Batting: LHB Lihau Keawe 0-0: Called Strike
0-1: Ball
1-1: Swinging Strike
1-2: Foul Ball, location: 2F
1-2: Strikes out swinging
Batting: RHB Eddy Amaya 0-0: Called Strike
0-1: Ground out 4-3 (Groundball, 13, EV 78.8 MPH)
Bottom of the 7th over - 0 runs, 0 hits, 0 errors, 1 left on base; University of North Carolina at Chapel Hill 1 - University of Arizona 4
TOP OF THE 8TH
University of North Carolina at Chapel Hill Tar Heels batting - Pitching for University of Arizona Wildcats : RHP Rogelio Chavez
Batting: RHB Bill Atley 0-0: Ball
1-0: Ball
2-0: Ball
3-0: Base on Balls
Batting: SHB Ryan Marsh 0-0: Called Strike
0-1: Swinging Strike
0-2: Ball
1-2: Ball
2-2: Ball
3-2: Foul Ball, location: 2F
3-2: Foul Ball, location: 2F
3-2: Foul Ball, location: 2F
3-2: Fly out, F6 (Popup, 6, EV 63.1 MPH)
Pitching: LHP Victor Silva
Batting: RHB Michael Houseman 0-0: Ball
1-0: Swinging Strike
1-1: Ball
2-1: Ball
3-1: Base on Balls
Bill Atley to second
Batting: RHB Jeremy Rollins 0-0: Ball
1-0: Called Strike
1-1: Foul Ball, location: 2F
1-2: Ball
2-2: Strikes out looking
Batting: SHB Jonathan Barrie 0-0: Ground out 5-3 (Groundball, 56S, EV 65.6 MPH)
Top of the 8th over - 0 runs, 0 hits, 0 errors, 2 left on base; University of North Carolina at Chapel Hill 1 - University of Arizona 4
BOTTOM OF THE 8TH
University of Arizona Wildcats batting - Pitching for University of North Carolina at Chapel Hill Tar Heels : RHP Berry Dow
Batting: SHB George Grace 0-0: Called Strike
0-1: Ball
1-1: Foul Ball, location: 2F
1-2: Foul Ball, location: 2F
1-2: Ball
2-2: Strikes out looking
Batting: LHB Jere Paatelainen 0-0: Ball
1-0: Ball
2-0: Foul Ball, location: 2F
2-1: Foul Ball, location: 2F
2-2: Ball
3-2: Base on Balls
Batting: RHB Gustavo Rodriguez 0-0: Ball
1-0: Foul Ball, location: 2F
1-1: Ball
2-1: Ball
3-1: Called Strike
3-2: Foul Ball, location: 2F
3-2: Foul Ball, location: 2F
3-2: Ground out 6-3 (Groundball, 6, EV 91.2 MPH)
Jere Paatelainen to second
Pitching: RHP Jason Kaelber
Batting: RHB Vince Parris 0-0: Foul Ball, location: 2F
0-1: Ball
1-1: Ball
2-1: Ball
3-1: Base on Balls
Batting: RHB Ron Dondale 0-0: Ball
1-0: Ball
2-0: Ball
3-0: Base on Balls
Jere Paatelainen to third
Vince Parris to second
Batting: LHB Pascal Noël 0-0: Called Strike
0-1: Ball
1-1: Foul Ball, location: 2F
1-2: DOUBLE (Line Drive, 9LM, EV 103.8 MPH)
Jere Paatelainen scores
Vince Parris scores
Ron Dondale to third
Runner from 3rd tries for Home, throw by RF and OUT! 9-4-2
Bottom of the 8th over - 2 runs, 1 hit, 0 errors, 1 left on base; University of North Carolina at Chapel Hill 1 - University of Arizona 6
TOP OF THE 9TH
University of North Carolina at Chapel Hill Tar Heels batting - Pitching for University of Arizona Wildcats : LHP Victor Silva
Batting: SHB Jim Saxon 0-0: Ball
1-0: Foul Ball, location: 2F
1-1: Ball
2-1: Ball
3-1: Called Strike
3-2: Foul Ball, location: 2F
3-2: Foul Ball, location: 2F
3-2: Foul Ball, location: 2F
3-2: Foul Ball, location: 2F
3-2: Base on Balls
Batting: RHB Tony Jennings 0-0: Called Strike
0-1: Swinging Strike
0-2: Ball
1-2: Grounds into double play, 2-6-3 (Groundball, 13S, EV 57.5 MPH)
Batting: RHB Brandon Wilson 0-0: Ball
1-0: Fly out, F2 (Popup, 23F, EV 83.8 MPH)
Top of the 9th over - 0 runs, 0 hits, 0 errors, 0 left on base; University of North Carolina at Chapel Hill 1 - University of Arizona 6
Tuesday, March 28th , 2023 - OOTP Baseball 23.10 Build 110